 Dungeon Sprint DCSS version 0.22-a0-614-g34fbaa0 (webtiles) character file.

6200000 vinnietd the Axe Maniac (level 27, -35/199 HPs)
             Began as a Gargoyle Monk on July 16, 2018.
             Was the Champion of Makhleb.
             Annihilated by a large bag of meat
             ... wielding a +9 giant spiked club
              (68 damage)
             ... in the Dungeon (Sprint VIII: "Arena of Blood").
             The game lasted 00:03:54 (62 turns).

vinnietd the Axe Maniac (Gargoyle Monk)               Turns: 62, Time: 00:03:55

Health: -35/199    AC: 25    Str: 21    XL:     27
Magic:  29/54      EV: 35    Int: 11    God:    Makhleb [******]
Gold:   0          SH:  0    Dex: 19    Spells: 80/80 levels left

rFire    . . .     SeeInvis .   j - +∞ Axe of Woe
rCold    . . .     Gourm    .   (shield currently unavailable)
rNeg     + . .     Faith    .   b - +0 robe
rPois    ∞         Spirit   .   (no helmet)
rElec    +         Reflect  .   (no cloak)
rCorr    .         Harm     .   (no gloves)
MR       ++...     NoTele   +   (no boots)
Stlth    +++++++++.             (no amulet)
HPRegen  0.43/turn              (no ring)
MPRegen  0.34/turn              (no ring)

@: very slightly contaminated
A: big wings, negative energy resistance 1, electricity resistance, unbreathing,
petrification resistance, rot immunity, AC +20
a: Fly, Minor Destruction, Lesser Servant of Makhleb, Major Destruction, Greater
Servant of Makhleb, Renounce Religion


You were in the Dungeon.
You worshipped Makhleb.
Makhleb was exalted by your worship.
You were not hungry.

You visited 1 branch

Inventory:

Hand Weapons
 a - a +0 hand axe
 j - the +∞ Axe of Woe (weapon)
   (You found it in the Dungeon)
Armour
 b - a +0 robe (worn)
Potions
 d - a potion of curing {@q1}
 e - a potion of heal wounds
 f - a potion of haste
 g - 2 potions of magic
 h - a potion of berserk rage
Comestibles
 c - a ration


   Skills:
 O Level 27 Fighting
 O Level 27 Axes
 O Level 27 Throwing
 O Level 27 Armour
 O Level 27 Dodging
 O Level 27 Stealth
 O Level 27 Unarmed Combat
 O Level 27 Spellcasting
 O Level 27 Invocations


You had 80 spell levels left.
You didn't know any spells.
Your spell library was empty.

Dungeon Overview and Level Annotations

Branches:
Dungeon (1/1)

Altars:
Makhleb

Annotations:
D The Servant


Innate Abilities, Weirdness & Mutations

You are resistant to torment.
Your stone body is resilient. (AC +20)
You are immune to poison.
Your large and strong wings let you fly indefinitely.
You resist negative energy. (rN+)
You are resistant to electric shocks. (rElec)
You can survive without breathing.
You are immune to petrification.
You are immune to rotting.


Message History

A destroyer comes into view.
It is wielding a +9 great sword of slicing.
You hear a shout! 2 orcs and an ogre come into view.
The tyrant gestures wildly while chanting.
You hear a shout! x2
A destroyer comes into view.
It is wielding a +9 great sword of slicing.
Some corpses begin to drag themselves along the ground!
Some corpses meld into agglomerations of writhing flesh!
The destroyer blinks! x2
The bag of meat hits you with a +9 war axe!!
The bag of meat is engulfed in blazing flames.
You hear a shout!
The meat berserker hits you with a +9 battleaxe!!!
You hear a shout!
The tyrant waves its bony arms in wide circles.
The air twists around and strikes you!
* * * LOW HITPOINT WARNING * * *
The large bag of meat closely misses you.
The large bag of meat hits you with a +9 giant spiked club!!!
You die...

...#...... o..#....O.. o
###...#L.o....
.O###..o...#.o.M........
o#.........O..........o.
V....#.o§xoz.......o....
......#§§§§.L..#..... .#
....Voo§§#L....#.... ..#
.....#@O§z.o###... ..#
#....O.O.OV@...V.###...
##.o..xx.#Oo...)))_O...
#.....#§.LooX)#)§§..#.
..###.......x).#o§<§_#
.. ..V.#..Xxo§§#.O)..#.
. .......#..XxV§)._....
o.............L###...
oo.......###.... ..#


You could see a tentacled monstrosity, 4 tyrants, The Servant, 4 destroyers, 2
sculptors of flesh, 3 large bags of meat, 2 large abominations, 5 meat
berserkers, 3 small abominations, 16 bags of meat and 2 crawling corpses.

Vanquished Creatures
  A greater mummy (D)
  11 vampire knights (D)
  19 ogres (D)
  4 two-headed ogres (D)
  2 liches (D)
  33 orcs (D)
  2 skeletal warriors (D)
  A small abomination (D)
  A large abomination (D)
  6 crawling corpses (D)
80 creatures vanquished.

Vanquished Creatures (others)
  3 crawling corpses (D)
3 creatures vanquished.

Grand Total: 83 creatures vanquished

Notes
Turn   | Place    | Note
-------+----------+-------------------------------------------
     0 | D        | Found the +∞ Axe of Woe
     0 | D        | vinnietd the Gargoyle Monk began the quest for the Orb.
     0 | D        | Reached XP level 1. HP: 14/14 MP: 1/1
     4 | D        | Became a worshipper of Makhleb the Destroyer
     4 | D        | Reached * piety under Makhleb
     4 | D        | Reached ** piety under Makhleb
     4 | D        | Noticed a bag of meat
     4 | D        | Noticed a bag of meat
     6 | D        | Noticed a bag of meat
     6 | D        | Noticed a bag of meat
     6 | D        | Noticed a meat berserker
     6 | D        | Noticed a bag of meat
     8 | D        | Killed a bag of meat
     8 | D        | Reached XP level 2. HP: 19/19 MP: 2/2
     8 | D        | Reached XP level 3. HP: 23/23 MP: 3/3
     8 | D        | Reached XP level 4. HP: 28/28 MP: 4/4
     8 | D        | Reached XP level 5. HP: 32/32 MP: 5/5
     8 | D        | Reached XP level 6. HP: 37/37 MP: 6/6
     8 | D        | Reached XP level 7. HP: 41/41 MP: 7/7
     8 | D        | Reached XP level 8. HP: 46/46 MP: 8/8
     8 | D        | Reached XP level 9. HP: 51/51 MP: 9/9
     8 | D        | Reached XP level 10. HP: 56/56 MP: 10/10
     8 | D        | Reached XP level 11. HP: 60/60 MP: 11/11
     8 | D        | Reached XP level 12. HP: 64/64 MP: 12/12
     8 | D        | Killed a bag of meat
     8 | D        | Reached skill level 27 in Axes
     8 | D        | Reached skill level 5 in Fighting
     8 | D        | Reached XP level 13. HP: 73/73 MP: 13/13
     8 | D        | Noticed a bag of meat
     8 | D        | Noticed a bag of meat
     9 | D        | Noticed a meat berserker
    10 | D        | Killed a bag of meat
    10 | D        | Reached skill level 10 in Dodging
    10 | D        | Gained mutation: Your large and strong wings let you fly indefinitely. [Gargoyle growth]
    10 | D        | Reached XP level 14. HP: 94/94 MP: 14/14
    10 | D        | Noticed a meat berserker
    11 | D        | Killed a meat berserker
    11 | D        | Reached *** piety under Makhleb
    11 | D        | Reached XP level 15. HP: 112/112 MP: 15/15
    14 | D        | Reached XP level 16. HP: 126/126 MP: 16/16
    14 | D        | Noticed a meat berserker
    15 | D        | Killed a meat berserker
    15 | D        | Reached **** piety under Makhleb
    16 | D        | Killed a meat berserker
    16 | D        | Reached skill level 27 in Fighting
    16 | D        | Reached XP level 17. HP: 139/139 MP: 17/17
    16 | D        | Reached skill level 27 in Dodging
    16 | D        | Reached skill level 5 in Stealth
    17 | D        | Reached skill level 10 in Armour
    17 | D        | Reached XP level 18. HP: 145/145 MP: 18/18
    19 | D        | Noticed a meat berserker
    20 | D        | Reached ***** piety under Makhleb
    20 | D        | Noticed a meat berserker
    22 | D        | Killed a meat berserker
    22 | D        | Noticed a meat berserker
    23 | D        | Killed a meat berserker
    23 | D        | Reached XP level 19. HP: 151/151 MP: 19/19
    24 | D        | Noticed a meat berserker
    24 | D        | Noticed a large bag of meat
    26 | D        | Noticed a large bag of meat
    27 | D        | Killed a large bag of meat
    27 | D        | Killed a meat berserker
    27 | D        | Reached skill level 27 in Armour
    27 | D        | Reached skill level 27 in Stealth
    27 | D        | Reached XP level 20. HP: 157/157 MP: 20/20
    27 | D        | Noticed a destroyer
    28 | D        | Killed a meat berserker
    28 | D        | Reached skill level 27 in Unarmed Combat
    28 | D        | Noticed a meat berserker
    29 | D        | Noticed The Servant
    30 | D        | Killed a meat berserker
    30 | D        | Reached ****** piety under Makhleb
    30 | D        | Reached XP level 21. HP: 163/163 MP: 20/39
    30 | D        | Reached skill level 15 in Throwing
    30 | D        | Reached skill level 15 in Spellcasting
    30 | D        | Noticed a destroyer
    30 | D        | Noticed a destroyer
    31 | D        | Noticed a destroyer
    32 | D        | Noticed a meat berserker
    32 | D        | Noticed a meat berserker
    33 | D        | Noticed a destroyer
    33 | D        | Noticed a large bag of meat
    33 | D        | Noticed a destroyer
    34 | D        | Reached XP level 22. HP: 169/169 MP: 21/46
    35 | D        | Killed a destroyer
    35 | D        | Reached skill level 27 in Invocations
    36 | D        | Killed a destroyer
    36 | D        | Reached skill level 27 in Throwing
    36 | D        | Reached skill level 27 in Spellcasting
    36 | D        | Reached XP level 23. HP: 175/175 MP: 21/54
    36 | D        | Noticed a destroyer
    36 | D        | Noticed a destroyer
    36 | D        | Noticed a destroyer
    38 | D        | Killed a destroyer
    38 | D        | Reached XP level 24. HP: 181/181 MP: 22/54
    39 | D        | Killed a destroyer
    39 | D        | Noticed a destroyer
    40 | D        | Killed a destroyer
    40 | D        | Reached XP level 25. HP: 187/187 MP: 22/54
    42 | D        | Killed a large bag of meat
    42 | D        | Killed a destroyer
    42 | D        | Reached XP level 26. HP: 193/193 MP: 23/54
    42 | D        | Noticed a large bag of meat
    43 | D        | Killed a destroyer
    44 | D        | Reached XP level 27. HP: 106/199 MP: 23/54
    45 | D        | Killed a destroyer
    47 | D        | Killed a destroyer
    47 | D        | Noticed a destroyer
    47 | D        | Noticed a destroyer
    48 | D        | Noticed a tyrant
    48 | D        | Noticed an accursed
    50 | D        | Noticed a destroyer
    50 | D        | Noticed a destroyer
    51 | D        | Killed an accursed
    51 | D        | Killed a large bag of meat
    52 | D        | Noticed a tyrant
    52 | D        | Noticed a tyrant
    52 | D        | Noticed a destroyer
    52 | D        | Noticed a large bag of meat
    53 | D        | Noticed a large bag of meat
    53 | D        | Noticed a large bag of meat
    54 | D        | Noticed a large bag of meat
    56 | D        | Noticed a tyrant
    57 | D        | Killed a tyrant
    57 | D        | Noticed a tyrant
    58 | D        | Killed a tyrant
    58 | D        | Noticed a tyrant
    59 | D        | Killed a destroyer
    59 | D        | Killed a destroyer
    60 | D        | Noticed an accursed
    60 | D        | Noticed a large bag of meat
    61 | D        | Killed a large bag of meat
    61 | D        | Noticed a destroyer
    62 | D        | Noticed a destroyer
    62 | D        | Annihilated by a large bag of meat

Vault maps used:
D:        meatsprint

Skill      XL: |  1  2  3  4  5  6  7  8  9 10 11 12 13 14 15 16 17 18 19 20 21 22 |
---------------+-------------------------------------------------------------------+-----
Axes           | 24 27 | 27.0
Fighting       | 5 13 19 23 27 | 27.0
Dodging        | 4 10 16 19 25 27 | 27.0
Armour         | 10 21 27 | 27.0
Stealth        | 11 22 27 | 27.0
Unarmed Combat | 9 19 25 27 | 27.0
Throwing       | 14 20 27 | 27.0
Spellcasting   | 14 20 27 | 27.0
Invocations    | 16 23 27 | 27.0

Action                   |  1- 3 |  4- 6 |  7- 9 | 10-12 | 13-15 | 16-18 | 19-21 | 22-24 | 25-27 || total
-------------------------+-------+-------+-------+-------+-------+-------+-------+-------+-------++-------
Melee: Executioner's axe |     1 |       |       |       |     4 |     6 |     5 |     5 |    15 ||    36
  Use: Scroll            |       |       |       |       |       |       |       |       |     1 ||     1
Armor: Robe              |       |       |       |       |       |       |       |       |     8 ||     8
Dodge: Dodged            |       |       |       |       |       |       |     1 |       |     5 ||     6

Table legend:
 A = Spawn XP
 B = Non-spawn XP
 C = Spawn XP percentage of total XP
 D = Spawn monster count
 E = Non-spawn monster count
 F = Spawn count percentage of total count
 G = Total turns spent on level
                    A         B        C        D         E        F      G
               +---------+---------+-------+---------+---------+-------+---------
         Total |       0 | 2236610 |   0.0 |       0 |      74 |   0.0 |    62
               +---------+---------+-------+---------+---------+-------+---------
             D |       0 | 2236610 |   0.0 |       0 |      74 |   0.0 |    62
               +---------+---------+-------+---------+---------+-------+---------
